 Dungeon Crawl Stone Soup version 0.24.0-37-gcf1ca852f1 (webtiles) character file.

Game seed: 924767224611216392, levelgen mode: deterministic

785 Iamsoldier the Magician (level 7, -2/51 HPs)
             Began as a Gnoll Wizard on Nov 29, 2019.
             Was an Initiate of Sif Muna.
             Killed from afar by an orc wizard (5 damage)
             ... with a magic dart
             ... on level 4 of the Dungeon.
             The game lasted 00:15:25 (5442 turns).

Iamsoldier the Magician (Gnoll Wizard)              Turns: 5442, Time: 00:15:25

Health: -2/51      AC:  6    Str: 14    XL:     7   Next: 86%
Magic:  2/18       EV: 15    Int: 22    God:    Sif Muna [......]
Gold:   178        SH:  4    Dex: 14    Spells: 10/21 levels left

rFire    . . .     SeeInvis .   a - +0 hand axe (flame)
rCold    . . .     Gourm    .   t - +0 buckler
rNeg     . . .     Faith    .   j - +0 robe
rPois    .         Spirit   .   m - +2 helmet
rElec    .         Reflect  .   h - scarf {repulsion}
rCorr    .         Harm     .   w - +0 pair of gloves
MR       .....                  (no boots)
Stlth    +++.......             (no amulet)
HPRegen  0.17/turn              (no ring)
MPRegen  0.16/turn              (no ring)

@: mighty, hasted and slowed, repel missiles
A: distributed training, fangs 1, strong nose
a: Renounce Religion


You were on level 4 of the Dungeon.
You worshipped Sif Muna.
Sif Muna was noncommittal.
You were not hungry.

You visited 2 branches of the dungeon, and saw 5 of its levels.

You collected 178 gold pieces.

Inventory:

Hand Weapons
 a - a +0 hand axe of flaming (weapon)
 x - a +0 spear
Missiles
 i - 3 poisoned darts (quivered)
Armour
 h - a scarf of repulsion (worn)
 j - a +0 robe (worn)
 m - a +2 helmet (worn)
 t - a +0 buckler (worn)
 w - a +0 pair of gloves (worn)
Scrolls
 b - a scroll of immolation {unknown}
 e - 3 scrolls of identify
 k - a scroll of noise {unknown}
 l - 2 scrolls of teleportation {unknown}
 o - a scroll of fear {unknown}
 s - a scroll of amnesia {unknown}
 u - 2 scrolls of remove curse
Potions
 c - a potion of resistance
 f - 2 potions of magic
 g - a potion of brilliance {unknown}
 n - a potion of degeneration {unknown}
 p - a potion of berserk rage {unknown}
 r - a potion of invisibility {unknown}
 v - a potion of might
Comestibles
 d - 6 rations
 q - 7 chunks of flesh


   Skills:
 + Level 2.7 Fighting
 + Level 2.7 Short Blades
 + Level 2.7 Long Blades
 + Level 2.7 Axes
 + Level 2.7 Maces & Flails
 + Level 2.7 Polearms
 + Level 2.7 Staves
 + Level 2.7 Slings
 + Level 2.7 Bows
 + Level 2.7 Crossbows
 + Level 2.7 Throwing
 + Level 2.7 Armour
 + Level 5.3 Dodging
 + Level 5.0 Stealth
 + Level 2.7 Shields
 + Level 2.7 Unarmed Combat
 + Level 7.7 Spellcasting
 + Level 3.1 Conjurations
 + Level 2.2 Hexes
 + Level 2.2 Charms
 + Level 3.1 Summonings
 + Level 2.2 Necromancy
 + Level 3.1 Translocations
 + Level 2.2 Transmutations
 + Level 2.2 Fire Magic
 + Level 2.2 Ice Magic
 + Level 2.2 Air Magic
 + Level 2.2 Earth Magic
 + Level 2.2 Poison Magic
 + Level 3.0 Invocations
 + Level 2.7 Evocations


You had 10 spell levels left.
You knew the following spells:

 Your Spells              Type           Power        Failure   Level  Hunger
a - Magic Dart            Conj           ###.         2%          1    None
b - Mephitic Cloud        Conj/Pois/Air  ###.....     10%         3    None
c - Call Imp              Summ           ###.....     3%          2    None
d - Conjure Flame         Conj/Fire      ###.....     9%          3    None
e - Blink                 Tloc           N/A          3%          2    None

Your spell library contained the following spells:

 Spells                   Type           Power        Failure   Level  Hunger
 Slow                     Hex            ###.....     5%          2    None


Dungeon Overview and Level Annotations

Branches:
Dungeon (4/15)             Temple (1/1) D:4

Altars:
Dithmenos
Elyvilon
Fedhas
Hepliaklqana
Kikubaaqudgha
Makhleb
Nemelex Xobeh
Okawaru
Ru
Sif Muna
Trog
Uskayaw
Xom
Yredelemnul
The Shining One


Innate Abilities, Weirdness & Mutations

Your experience applies equally to all skills.
You have very sharp teeth.
Your uncanny sense of smell can sniff out nearby items.


Message History

The magic dart hits you.
The orc wizard points at you and mumbles some strange words.
The magic dart hits you.
* * * LOW HITPOINT WARNING * * *
The orc wizard closely misses you. The orc wizard casts a spell at you.
The magic dart hits you.
* * * LOW HITPOINT WARNING * * *
It was a potion of might.
You feel very mighty all of a sudden. The orc wizard completely misses you.
The orc wizard barely misses you.
The orc wizard hits you with a +0 falchion.
* * * LOW HITPOINT WARNING * * *
The orc wizard casts a spell at you. The magic dart hits you.
* * * LOW HITPOINT WARNING * * *
It was a potion of haste.
You feel yourself speed up.
The orc wizard gestures at you while chanting.
The magic dart hits you.
You die...

(. ###.......... ..#
#.......##... #'# ∆
####...####.. #..#
###+ ##.## #..
...(##..## #.# ##..
..'....# ###
#.####... #)...# #>#
#.##..... #oo####.##
#.##.#.#. ##†#@o...#
#........
#.oo##..#######.#.#.
######............[.
################
#..######.####.
...............#
#÷.# #.# #.
##############.#
#..# #.# ## #.# #..#
#.# #.# #..# #.#####
#.# #..# #......


You could see 2 orc wizards and an orc.

Vanquished Creatures
  An ogre (D:4)
  A crimson imp (D:3)
  A hound (D:4)
  An orc priest (D:4)
  An iguana (D:4)
  Natasha (thrice) (D:2)
  5 worker ants (D:4)
  A hound skeleton (D:4)
  Robin (D:2)
  4 gnolls (D:3)
  8 adders
  An ooze (D:4)
  An adder skeleton (D:4)
  2 worms
  4 dart slugs
  3 orcs
  3 ball pythons
  6 bats
  4 giant cockroaches
  14 goblins
  12 hobgoblins
  A jackal (D:4)
  A quokka (D:3)
  7 frilled lizards
  8 kobolds
  3 leopard gecko skeletons (D:4)
  A quokka skeleton (D:3)
  4 rats
102 creatures vanquished.

Vanquished Creatures (collateral kills)
  Grinder (D:3)
1 creature vanquished.

Grand Total: 103 creatures vanquished

Notes
Turn   | Place    | Note
-------+----------+-------------------------------------------
     0 | D:1      | Iamsoldier the Gnoll Wizard began the quest for the Orb.
     0 | D:1      | Reached XP level 1. HP: 13/13 MP: 8/8
   113 | D:1      | Reached XP level 2. HP: 19/19 MP: 6/10
   878 | D:1      | Reached XP level 3. HP: 16/25 MP: 6/11
   882 | D:1      | Learned a level 2 spell: Blink
   885 | D:1      | Learned a level 2 spell: Call Imp
   889 | D:1      | Learned a level 3 spell: Conjure Flame
   893 | D:1      | Learned a level 3 spell: Mephitic Cloud
  1225 | D:2      | Reached skill level 1 in Invocations
  1368 | D:2      | Noticed Robin
  1509 | D:2      | Reached skill level 1 in Fighting
  1509 | D:2      | Reached skill level 1 in Short Blades
  1509 | D:2      | Reached skill level 1 in Long Blades
  1509 | D:2      | Reached skill level 1 in Axes
  1509 | D:2      | Reached skill level 1 in Maces & Flails
  1509 | D:2      | Reached skill level 1 in Polearms
  1509 | D:2      | Reached skill level 1 in Staves
  1509 | D:2      | Reached skill level 1 in Slings
  1509 | D:2      | Reached skill level 1 in Bows
  1509 | D:2      | Reached skill level 1 in Crossbows
  1509 | D:2      | Reached skill level 1 in Throwing
  1509 | D:2      | Reached skill level 1 in Armour
  1509 | D:2      | Reached skill level 1 in Shields
  1509 | D:2      | Reached skill level 1 in Unarmed Combat
  1509 | D:2      | Reached skill level 1 in Evocations
  1539 | D:2      | Killed Robin
  1539 | D:2      | Reached XP level 4. HP: 22/32 MP: 2/13
  1687 | D:2      | Noticed Natasha
  1703 | D:2      | Killed Natasha
  1703 | D:2      | Reached skill level 1 in Hexes
  1703 | D:2      | Reached skill level 1 in Charms
  1703 | D:2      | Reached skill level 1 in Necromancy
  1703 | D:2      | Reached skill level 1 in Transmutations
  1703 | D:2      | Reached skill level 1 in Fire Magic
  1703 | D:2      | Reached skill level 1 in Ice Magic
  1703 | D:2      | Reached skill level 1 in Air Magic
  1703 | D:2      | Reached skill level 1 in Earth Magic
  1703 | D:2      | Reached skill level 1 in Poison Magic
  1966 | D:2      | Noticed Natasha
  1973 | D:2      | Killed Natasha
  1973 | D:2      | Reached XP level 5. HP: 34/37 MP: 4/14
  2205 | D:2      | Noticed Natasha
  2222 | D:2      | Killed Natasha
  3065 | D:3      | Found a bloodstained altar of Trog.
  3138 | D:3      | Reached XP level 6. HP: 30/44 MP: 0/16
  3764 | D:3      | Noticed Grinder
  3765 | D:3      | Paralysed by Grinder for 2 turns
  3788 | D:3      | Killed Grinder
  3788 | D:3      | Reached skill level 5 in Dodging
  3788 | D:3      | Reached XP level 7. HP: 26/50 MP: 1/18
  4543 | D:4      | Found a staircase to the Ecumenical Temple.
  4552 | Temple   | Entered the Ecumenical Temple
  4811 | Temple   | Became a worshipper of Sif Muna the Loreminder
  4999 | D:4      | Found a hide-covered altar of Uskayaw.
  5369 | D:4      | Reached skill level 5 in Stealth
  5442 | D:4      | Killed from afar by an orc wizard

Levels and vault maps discovered:
D:1:      dpeg_arrival_boxes_within_box, layout_rooms, serial_bayou_pond_b
D:2:      layout_rooms, minmay_split_cup_large, uniq_robin, uniq_natasha
D:3:      layout_rooms, lightli_temple_of_fire, kennysheep_generic_room_9,
          uniq_grinder
D:4:      minmay_bubble_buster, layout_loops_ring,
          nicolae_overflow_hidden_temple, temple_statues, first_ration
Temple:   oiseaux_autumnal_temple

Skill      XL: |  1  2  3  4  5  6  7 |
---------------+----------------------+-----
Conjurations   | 2 3 |  3.1
Summonings     | 2 3 |  3.1
Translocations | 2 3 |  3.1
Invocations    | 1 2 3 |  3.0
Fighting       | 1 2 |  2.7
Short Blades   | 1 2 |  2.7
Long Blades    | 1 2 |  2.7
Axes           | 1 2 |  2.7
Maces & Flails | 1 2 |  2.7
Polearms       | 1 2 |  2.7
Staves         | 1 2 |  2.7
Slings         | 1 2 |  2.7
Bows           | 1 2 |  2.7
Crossbows      | 1 2 |  2.7
Throwing       | 1 2 |  2.7
Armour         | 1 2 |  2.7
Shields        | 1 2 |  2.7
Unarmed Combat | 1 2 |  2.7
Evocations     | 1 2 |  2.7
Hexes          | 1 2 |  2.2
Charms         | 1 2 |  2.2
Necromancy     | 1 2 |  2.2
Transmutations | 1 2 |  2.2
Fire Magic     | 1 2 |  2.2
Ice Magic      | 1 2 |  2.2
Air Magic      | 1 2 |  2.2
Earth Magic    | 1 2 |  2.2
Poison Magic   | 1 2 |  2.2
Dodging        | 5 |  5.3
Stealth        | 5 |  5.0
Spellcasting   | |  7.7

Action                   |  1- 3 |  4- 6 |  7- 9 || total
-------------------------+-------+-------+-------++-------
Melee: Unarmed           |    20 |       |       ||    20
       Bite              |     1 |       |     1 ||     2
       Whip              |     1 |       |       ||     1
       Hand axe          |    19 |    41 |    27 ||    87
Throw: Dart              |       |       |     5 ||     5
 Cast: Magic Dart        |    70 |   129 |    94 ||   293
       Conjure Flame     |     1 |     3 |     6 ||    10
       Mephitic Cloud    |       |     4 |     5 ||     9
       Call Imp          |       |     3 |       ||     3
  Use: Scroll            |     3 |       |       ||     3
       Potion            |       |       |     2 ||     2
  Eat: Chunk             |     2 |     7 |     5 ||    14
Armor: Robe              |     8 |     9 |    16 ||    33
Dodge: Dodged            |    44 |    82 |    33 ||   159
       Deflected         |       |     2 |       ||     2
Block: Buckler           |       |       |    10 ||    10
